Map: Daybreak LE (Void)

Players

GoOdin

  • Race: Terran Terran
  • League: Grandmaster
  • Spawn Location: 1:00

llllllllllll - Winner!

  • Race: Terran Terran
  • League: Grandmaster
  • Spawn Location: 7:00

VOD

Have the link to the VOD?

Description

Time

  • Played on: Dec. 28, 2016, 2:37 a.m.
  • Length: 10:57
Show
View Real Time Build Order
Export as new Build Order

GoOdin Terran 

Build Orders: Mech 

Get SALT Encoding   

  12  0:00  SCV  
  13  0:13  SCV  
  14  0:17  Supply Depot  
  14  0:25  SCV  
  15  0:39  Barracks, SCV  
  16  0:45  Refinery  
  16  0:51  SCV  
  17  1:03  SCV  
  18  1:15  SCV  
  19  1:27  Orbital Command  
  19  1:28  Marine  
  20  1:46  Marine  
  21  1:53  Command Center  
  21  1:55  SCV  
  22  2:04  Factory  
  22  2:07  Barracks Reactor  
  22  2:14  Supply Depot  
  22  2:16  SCV  
  23  2:23  Refinery  
  23  2:35  SCV  
  24  2:45  Marine x2  
  24  2:47  SCV  
  24  2:48  Hellion  
  29  2:53  Starport  
  29  2:59  SCV  
  29  3:05  Orbital Command  
  30  3:09  Factory Tech Lab  
  30  3:11  Marine x2  
  32  3:22  Orbital Command  
  32  3:24  SCV  
  33  3:30  Siege Tank  
  33  3:31  Viking  
  38  3:36  SCV  
  39  3:41  Supply Depot  
  39  3:48  SCV  
  40  3:49  Marine  
  40  3:50  Marine  
  40  3:51  SCV  
  43  3:56  Engineering Bay  
  43  4:00  SCV  
  44  4:05  SCV  
  44  4:08  Raven  
  47  4:12  SCV  
  47  4:13  Factory Tech Lab  
  48  4:17  SCV  
  48  4:19  Supply Depot  
  49  4:24  SCV  
  49  4:29  SCV  
  51  4:33  Missile Turret x2  
  51  4:36  SCV  
  52  4:39  Marine  
  52  4:40  Siege Tank  
  52  4:41  SCV  
  57  4:48  SCV  
  58  4:53  SCV  
  58  5:01  SCV  
  58  5:06  SCV  
  60  5:10  Command Center  
  60  5:13  Refinery, Barracks Reactor, SCV  
  61  5:15  Refinery  
  61  5:18  SCV  
  60  5:22  Viking  
  62  5:28  Supply Depot  
  62  5:34  Factory  
  62  5:37  Factory  
  62  5:45  Supply Depot  
  62  5:46  Supply Depot  
  62  5:50  Siege Tank, SCV x2  
  67  5:59  Viking  
  67  6:02  SCV  
  70  6:07  Viking, SCV  
  73  6:14  SCV  
  69  6:19  SCV  
  60  6:26  SCV  
  60  6:28  Siege Tank  
  60  6:32  Orbital Command  
  61  6:39  Viking x2  
  65  6:41  Hellion x3  
  65  6:43  Infernal Pre-Igniter  
  71  6:48  SCV x2  
  73  6:55  Supply Depot  
  73  7:00  Hellion, SCV  
  76  7:02  Siege Tank  
  79  7:09  Viking x2  
  79  7:10  Hellion  
  79  7:11  Hellion  
  87  7:20  Supply Depot  
  87  7:21  Hellion  
  89  7:27  Armory  
  89  7:35  Siege Tank, Hellion  
  89  7:36  Hellion  
  95  7:43  Hellion  
  97  7:52  Viking  
  97  7:53  Viking  
  97  7:54  Orbital Command  
  97  7:56  SCV x2  
  97  7:57  Hellion x2  
  97  7:58  Refinery  
  106  8:00  Refinery, Missile Turret  
  106  8:07  Missile Turret  
  106  8:08  SCV x2  
  108  8:17  Siege Tank x2  
  114  8:20  SCV x2  
  114  8:23  SCV  
  117  8:33  Terran Vehicle Weapons Level 1  
  117  8:34  Supply Depot x2  
  117  8:39  Missile Turret  
  117  8:41  Starport  
  117  8:42  Starport  
  124  8:55  Viking x2, SCV  
  124  8:56  Hellion x3  
  124  9:01  SCV x2  
  130  9:22  Viking  
  132  9:53  Hellion  
  132  9:57  Command Center  
  132  10:12  Supply Depot  
  132  10:13  Siege Tank, Supply Depot, Viking x3  
  141  10:17  Supply Depot  
  141  10:18  Supply Depot  
  141  10:20  Viking  
  141  10:21  Supply Depot x2  
  141  10:22  Armory  
Show
View Real Time Build Order
Export as new Build Order

llllllllllll Terran - Winner!

Build Orders:  

Get SALT Encoding   

  12  0:00  SCV  
  13  0:12  SCV  
  14  0:20  Supply Depot  
  14  0:25  SCV  
  15  0:31  Refinery  
  15  0:41  SCV  
  16  0:46  Barracks  
  16  0:53  SCV  
  17  1:05  SCV  
  18  1:18  SCV  
  19  1:30  SCV  
  20  1:38  Reaper  
  21  1:43  Orbital Command  
  21  1:53  Command Center  
  21  2:05  Factory  
  21  2:09  SCV  
  21  2:12  Barracks Reactor  
  22  2:19  Refinery  
  22  2:22  SCV  
  23  2:29  Supply Depot  
  24  2:51  SCV  
  24  2:52  Starport  
  24  2:59  Hellion  
  24  3:00  Hellion  
  24  3:03  SCV  
  29  3:06  Orbital Command  
  29  3:15  SCV  
  30  3:23  Cyclone  
  30  3:24  Widow Mine  
  35  3:27  SCV  
  35  3:32  Viking  
  38  3:34  SCV  
  38  3:38  Barracks Tech Lab  
  38  3:39  SCV  
  40  3:46  SCV  
  41  3:52  SCV  
  41  3:53  Supply Depot  
  41  3:54  Refinery  
  42  3:58  SCV  
  43  4:04  SCV  
  44  4:10  SCV  
  44  4:14  Raven  
  44  4:16  SCV  
  48  4:17  Supply Depot  
  48  4:22  SCV  
  47  4:28  SCV  
  48  4:32  Starport  
  48  4:34  SCV  
  49  4:40  SCV  
  49  4:42  Corvid Reactor  
  49  4:45  Barracks Tech Lab  
  50  4:47  Refinery, SCV  
  50  4:52  SCV  
  52  4:55  Supply Depot  
  52  4:59  SCV  
  53  5:01  Hellion  
  53  5:02  Hellion  
  57  5:07  Raven  
  57  5:10  SCV  
  57  5:14  SCV  
  61  5:22  SCV  
  61  5:23  Hellion x2  
  61  5:27  SCV  
  67  5:28  Raven  
  67  5:34  SCV, Command Center  
  70  5:35  Engineering Bay  
  70  5:37  Supply Depot  
  70  5:47  Cyclone, SCV x2  
  70  5:49  Supply Depot  
  75  5:55  Hellion  
  77  5:58  Raven  
  77  5:59  SCV  
  77  6:00  SCV  
  81  6:04  Missile Turret  
  81  6:12  SCV  
  81  6:16  Hellion  
  77  6:23  SCV  
  77  6:24  Cyclone  
  77  6:27  SCV  
  77  6:32  Raven  
  80  6:36  SCV  
  80  6:39  SCV, Factory  
  82  6:41  Hellion  
  82  6:42  Barracks Tech Lab  
  82  6:44  Supply Depot x2  
  84  6:47  Armory  
  84  6:48  SCV  
  84  6:52  SCV  
  86  6:57  Supply Depot  
  86  6:59  Supply Depot  
  86  7:00  SCV  
  87  7:01  Viking  
  87  7:04  SCV  
  91  7:10  Orbital Command, Factory  
  91  7:12  SCV  
  91  7:16  SCV  
  96  7:22  Hellion  
  96  7:23  Missile Turret, Hellion  
  96  7:24  SCV  
  96  7:25  Raven  
  96  7:28  Refinery, SCV  
  100  7:30  Refinery  
  100  7:38  SCV  
  100  7:40  Orbital Command  
  100  7:41  Terran Vehicle Weapons Level 1  
  101  7:44  Armory  
  101  7:46  SCV  
  101  7:49  Hellion  
  101  7:50  Hellion, SCV  
  107  7:53  Supply Depot  
  107  7:54  Viking  
  107  7:57  Supply Depot  
  110  7:58  SCV  
  110  8:04  SCV  
  111  8:06  SCV  
  111  8:09  Factory Tech Lab  
  111  8:10  Siege Tank, SCV  
  111  8:11  Hellion x2  
  120  8:16  SCV  
  120  8:18  SCV  
  120  8:21  Infernal Pre-Igniter  
  120  8:22  Viking, SCV  
  123  8:28  SCV  
  123  8:30  SCV  
  123  8:32  Supply Depot  
  123  8:33  Supply Depot  
  123  8:34  Supply Depot, SCV  
  125  8:36  Siege Tank  
  125  8:38  Factory  
  125  8:40  Viking, SCV  
  130  8:50  Supply Depot  
  130  8:56  Command Center  
  130  8:57  Siege Tank  
  130  8:59  Hellion  
  130  9:00  Viking, Hellion  
  139  9:09  Supply Depot  
  139  9:10  Factory  
  139  9:15  Missile Turret  
  139  9:16  Supply Depot  
  139  9:17  Siege Tank  
  139  9:20  Supply Depot  
  139  9:21  Hellion  
  144  9:29  Sensor Tower  
  144  9:31  Sensor Tower  
  144  9:32  Viking  
  144  9:33  Viking  
  144  9:34  Missile Turret  
  148  9:43  Factory Tech Lab  
  148  9:45  Hellion x2  
  152  9:58  Hellion  
  156  10:00  Factory Tech Lab  
  156  10:02  Viking  
  156  10:03  Viking  
  158  10:15  Missile Turret  
  158  10:20  Refinery  
  158  10:22  Refinery  
  151  10:34  Hellion  
  163  10:44  SCV  
Tags
 
Composition
Mech
Matchup
TvT
Race
Terran
Spawn Locations
Cross Positions
Add a new tag
Caveats
  • Supply blocks, unpowered buildings, or Contaminate may cause inaccurate times.
  • Supply counts are checked every 10 seconds.